 Dungeon Sprint DCSS version 0.29-a0-925-g0a7a3d12f8 (webtiles) character file.

Game seed: 8092234316506847716

121 rocky1 the Chiller (level 5, 0/61 HPs)
             Began as a Merfolk Ice Elementalist on July 28, 2022.
             Was a Follower of Okawaru.
             Slain by a gnoll sergeant
             ... wielding a +2 vorpal spear
              (1 damage)
             ... while paralysed by a floating eye
             ... in the Dungeon (Sprint VII: "The Pits").
             The game lasted 00:01:16 (330 turns).

rocky1 the Chiller (Merfolk Ice Elementalist)        Turns: 330, Time: 00:01:17

Health: 0/61       AC:  2    Str:  9    XL:     5   Next: 5%
Magic:  10/10      EV:  2    Int: 16    God:    Okawaru [*.....]
Gold:   0          SH:  0    Dex: 14    Spells: 10/11 levels left

rFire   . . .      SeeInvis .   k - +2 trident
rCold   . . .      Faith    .   (no shield)
rNeg    . . .      Spirit   .   a - +0 robe
rPois   .          Reflect  .   (no helmet)
rElec   .          Harm     .   (no cloak)
rCorr   .          Rampage  .   (no gloves)
Will    .....      NoTele   +   (no boots)
Stlth   ..........              (no amulet)
HPRegen 0.20/turn               (no ring)
MPRegen 0.12/turn               (no ring)

@: paralysed, berserking
A: (nimble swimmer 2), mertail
a: Renounce Religion, Heroism


You were in the Dungeon.
You worshipped Okawaru.
Okawaru was aware of your devotion.
You visited 1 branch

Inventory:

Hand Weapons
 k - a +2 trident (weapon)
Armour
 a - a +0 robe (worn)
Scrolls
 g - a scroll of blinking
 i - 5 scrolls of amnesia
 j - a scroll of summoning
Potions
 b - 5 potions of magic
 c - a potion of curing
 d - a potion of heal wounds
 e - a potion of haste
 f - 2 potions of berserk rage
 h - 2 potions of invisibility


   Skills:
 + Level 3.5 Fighting
 + Level 4.3 Polearms
 + Level 2.4 Armour
 + Level 5.1 Dodging
 - Level 2.1 Stealth
 + Level 3.9 Spellcasting
 + Level 6.1 Ice Magic
 + Level 3.4 Invocations


You had 10 spell levels left.
You knew the following spells:

 Your Spells              Type           Power      Damage    Failure   Level
a - Freeze                Ice            88%        1d10      1%          1

Your spell library contained the following spells:

 Spells                   Type           Power      Damage    Failure   Level
 Frozen Ramparts          Ice            44%        1d6       4%          3
 Ozocubu's Armour         Ice            22%        N/A       4%          3
 Hailstorm                Conj/Ice       12%        3d5       43%         4


Dungeon Overview and Level Annotations

Branches:
Dungeon (1/1)

Altars:
Ashenzari
Cheibriados
Dithmenos
Elyvilon
Fedhas
Gozag
Hepliaklqana
Kikubaaqudgha
Makhleb
Nemelex Xobeh
Okawaru
Qazlal
Ru
Sif Muna
Trog
Uskayaw
Vehumet
Wu Jian
Xom
Yredelemnul
Zin
The Shining One
Jiyva
Lugonu


Innate Abilities, Weirdness & Mutations

((You are very nimble when in or above water. (Stealth+, EV+, Speed+++)))
Your lower body shifts to a powerful aquatic tail in water.


Message History

You reach to attack!
You puncture the gnoll!
The gnoll is severely wounded.
You barely miss the gnoll.
The gnoll is severely wounded.
The gnoll barely misses you.
A red film seems to cover your vision as you go berserk!
You feel yourself moving faster!
You feel mighty! The gnoll misses you.
The gnoll sergeant hits you from afar with a +2 vorpal spear!
You puncture the gnoll!
You kill the gnoll!
Okawaru accepts your kill. The gnoll sergeant misses you.
You have reached level 5!
You feel stronger.
Reach: k) +2 trident
Press: ? - help, Dir - move target, f - gnoll sergeant
Aim: a gnoll sergeant, wielding a +2 vorpal spear and wearing a +0 scale mail (about 30% to evade your +2 trident)
You reach to attack!
You puncture the gnoll sergeant!
The gnoll sergeant is moderately wounded.
The gnoll sergeant hits you from afar with a +2 vorpal spear.
* * * LOW HITPOINT WARNING * * *
x2 Reach: k) +2 trident
Press: ? - help, Dir - move target, f/p - gnoll sergeant
Aim: a gnoll sergeant, wielding a +2 vorpal spear and wearing a +0 scale mail (moderately wounded, about 30% to evade your +2 trident)
You reach to attack!
You puncture the gnoll sergeant!
The gnoll sergeant is heavily wounded.
Unknown command.
Reach: k) +2 trident
Press: ? - help, Dir - move target, f/p - gnoll sergeant
Aim: a gnoll sergeant, wielding a +2 vorpal spear and wearing a +0 scale mail (heavily wounded, about 30% to evade your +2 trident)
You reach to attack!
You puncture the gnoll sergeant!
The gnoll sergeant is almost dead.
The gnoll sergeant hits you from afar with a +2 vorpal spear!
* * * LOW HITPOINT WARNING * * *
x2 The floating eye gazes piercingly through you!
You suddenly lose the ability to move!
The floating eye's view fixates on you.
The gnoll sergeant hits you from afar with a +2 vorpal spear.
* * * LOW HITPOINT WARNING * * *
You die...

#_________.#
#_______...###########++
##########'##...........
#.?(.')))'.##......#..#.
##########.##...........
#.........).'...........
#+#####'#####......#..#.
#. #...'.##...........
#..#...#@#####'#####++
#..#####)##.......#
#..gg.Z#g##.......#
#..lgg†gG##.......#
#..########...<...# #.
#.......# # #.......#
#.......# #########


You could see a gnoll sergeant, a floating eye (charged) and a gnoll.

Vanquished Creatures
  A floating eye (D)
  A gnoll (D)
  An adder (D)
  A hobgoblin (D)
  A kobold (D)
  A rat (D)
6 creatures vanquished.

Notes
Turn   | Place    | Note
-------+----------+-------------------------------------------
     0 | D        | rocky1 the Merfolk Ice Elementalist began the quest for the
                  | Orb.
     0 | D        | Reached XP level 1. HP: 13/13 MP: 3/3
    43 | D        | Found a bloodstained altar of Trog.
    43 | D        | Found a shimmering blue altar of Sif Muna.
    43 | D        | Found a viscous altar of Jiyva.
    43 | D        | Found a hazy altar of Hepliaklqana.
    43 | D        | Found an opulent altar of Gozag.
    44 | D        | Found a glowing golden altar of the Shining One.
    44 | D        | Found a glowing silver altar of Zin.
    44 | D        | Found a basalt altar of Yredelemnul.
    44 | D        | Found a shimmering altar of Xom.
    44 | D        | Found an ornate altar of the Wu Jian Council.
    44 | D        | Found a sacrificial altar of Ru.
    44 | D        | Found a stormy altar of Qazlal.
    44 | D        | Found an iron altar of Okawaru.
    44 | D        | Found a sparkling altar of Nemelex Xobeh.
    44 | D        | Found a burning altar of Makhleb.
    44 | D        | Found a blossoming altar of Fedhas.
    44 | D        | Found a white marble altar of Elyvilon.
    44 | D        | Found a shadowy altar of Dithmenos.
    44 | D        | Found a snail-covered altar of Cheibriados.
    47 | D        | Found a corrupted altar of Lugonu.
    47 | D        | Found a radiant altar of Vehumet.
    48 | D        | Found an ancient bone altar of Kikubaaqudgha.
    48 | D        | Found a hide-covered altar of Uskayaw.
    48 | D        | Found a broken altar of Ashenzari.
    52 | D        | Became a worshipper of Warmaster Okawaru
    66 | D        | Noticed a floating eye
    70 | D        | Killed a floating eye
    70 | D        | Reached * piety under Okawaru
    71 | D        | Reached skill level 5 in Ice Magic
    71 | D        | Reached XP level 2. HP: 23/24 MP: 3/6
    71 | D        | Reached XP level 3. HP: 28/29 MP: 4/8
    71 | D        | Reached XP level 4. HP: 34/35 MP: 4/9
    77 | D        | Reached skill level 5 in Dodging
    77 | D        | Reached skill level 6 in Ice Magic
   312 | D        | Noticed a floating eye
   315 | D        | Noticed a gnoll sergeant
   316 | D        | Paralysed by a floating eye for 4 turns
   327 | D        | Reached XP level 5. HP: 21/41 MP: 10/10
   329 | D        | HP: 2/61 [gnoll sergeant/+2 vorpal spear (3)]
   329 | D        | Paralysed by a floating eye for 2 turns
   330 | D        | Slain by a gnoll sergeant

Illustrated notes

Levels and vault maps discovered:
D:        pitsprint [storerooms_1, entrance_room_1, metal_vault_1, armoury_2,
          mini_pit_1, grid_room_1, main_hall_1, silver_pit, the_coven_3,
          the_vestibule_1, steel_vault_5, golden_pit, hallway_of_sentries,
          crystal_vault_4, iron_vault_1, final_vault]

Skill      XL: |  1  2  3  4 |
---------------+-------------+-----
Fighting       | 3 |  3.5
Polearms       | 4 |  4.3
Armour         | 2 |  2.4
Dodging        | 4 5 |  5.1
Spellcasting   | 3 |  3.9
Ice Magic      | 5 6 |  6.1
Invocations    | 3 |  3.4
Stealth        | |  2.1

Action                   |  1- 3 |  4- 6 || total
-------------------------+-------+-------++-------
Melee: Trident           |     4 |    15 ||    19
 Cast: Freeze            |     2 |       ||     2
  Use: Potion            |       |     1 ||     1
 Stab: Sleeping          |     1 |       ||     1
Armor: Robe              |       |     8 ||     8
Dodge: Dodged            |     1 |    12 ||    13

Table legend: (Time is in decaauts)
 A = Elapsed time spent in this place.
 B = Non-inter-level travel time spent in this place.
 C = Inter-level travel time spent in this place.
 D = Time resting spent in this place.
 E = Time spent auto-exploring this place.
 F = Levels seen in this place.
 G = Mean time per level.
                   A        B        C        D        E       F      G
               +--------+--------+--------+--------+--------+-----+--------+
         Total |    330 |    330 |      0 |    219 |      0 |   1 |  330.0 |
       Dungeon |    330 |    330 |      0 |    219 |      0 |   1 |  330.0 |
               +--------+--------+--------+--------+--------+-----+--------+

Top non-repeatable levels by time:
       D: 330 daAuts
